 Dungeon Crawl Stone Soup version 0.24-a0-140-gcaa6c10b7c (webtiles) character file.

Game seed: 8800892134264480867

24 PikkenKukken the Ruffian (level 2, -1/25 HPs)
             Began as a Draconian Transmuter on Mar 4, 2019.
             Hit by a javelin of returning thrown by a gnoll (8 damage)
             ... on level 1 of the Dungeon.
             The game lasted 00:03:10 (896 turns).

PikkenKukken the Ruffian (Draconian Transmuter)      Turns: 896, Time: 00:03:11

Health: -1/25      AC:  4    Str: 12    XL:     2   Next: 79%
Magic:  4/5        EV: 12    Int: 13    God:
Gold:   46         SH:  0    Dex: 11    Spells: 2/5 levels left

rFire    + . .     SeeInvis .     - Unarmed
rCold    + . .     Gourm    .   (no shield)
rNeg     . . .     Faith    .   (armour unavailable)
rPois    .         Spirit   .   (helmet restricted)
rElec    .         Reflect  .   g - scarf {rC+ rF+}
rCorr    .         Harm     .   (no gloves)
MR       .....                  (boots currently unavailable)
Stlth    +.........             (no amulet)
HPRegen  0.08/turn              (no ring)
MPRegen  0.09/turn              (no ring)

@: appendage
A: unfitting armour, talons 3, cold-blooded, AC +4
a: End Transformation


You were on level 1 of the Dungeon.
You were not hungry.
You had grown temporary talons.
You visited 1 branch of the dungeon, and saw 1 of its levels.

You collected 46 gold pieces.

Inventory:

Missiles
 a - 12 arrows
Armour
 g - a scarf of resistance (worn)
 j - a +0 buckler
Scrolls
 e - a scroll of identify
 f - a scroll of remove curse
 i - a scroll of enchant weapon {unknown}
Potions
 d - a potion of might
 h - a potion of curing {unknown}
Comestibles
 b - 2 chunks of flesh
 c - 3 rations


   Skills:
 + Level 2.3 Fighting
 - Level 1.7 Dodging
 + Level 3.5 Unarmed Combat
 - Level 2.0 Spellcasting
 - Level 2.0 Transmutations


You had 2 spell levels left.
You knew the following spells:

 Your Spells              Type           Power        Failure   Level  Hunger
a - Beastly Appendage     Tmut           #.....       11%         1    ##.....
b - Sticks to Snakes      Tmut           #.......     17%         2    ###....

Your spell library contained the following spells:

 Spells                   Type           Power        Failure   Level  Hunger
 Spider Form              Tmut/Pois      #.........   45%         3    ####...
 Ice Form                 Ice/Tmut       #.......     86%         4    #####..
 Blade Hands              Tmut           #.........   97%         5    ######.


Dungeon Overview and Level Annotations

Branches:
Dungeon (1/15)

Altars:


Innate Abilities, Weirdness & Mutations

Your plain brown scales are hard. (AC +4)
You cannot fit into any form of body armour.
You are cold-blooded and may be slowed by cold attacks.
You have claws for feet.


Message History

You see here a buckler.
j - a buckler
Okay, then.
Some of the chunks of flesh in your inventory have rotted away.
A gnoll comes into view. It is wielding a +0 halberd.
Casting: Beastly Appendage (safe; 11% risk of failure)
Confirm with . or Enter, or press ? or * to list all spells.
Your feet morph into talons.
The gnoll shouts!
The gnoll throws a javelin of returning.
The javelin of returning hits you.
The weapon returns to the gnoll!
The gnoll throws a javelin of returning.
The javelin of returning hits you!
Ouch! That really hurt!
* * * LOW HITPOINT WARNING * * *
The weapon returns to the gnoll!
You are too injured to fight recklessly!
The gnoll throws a javelin of returning.
The javelin of returning hits you!
You die...

....# #..#...##.#..............
....#####......##................
..........###........≈≈≈≈≈≈≈≈≈≈≈≈
..#..###....#.##.....≈≈≈≈≈≈≈≈≈≈≈≈
..##.....##>..##.....≈≈≈≈≈≈≈≈≈≈≈≈
................g....≈≈≈#'#'#≈≈≈≈
#....#...##.#........≈≈≈'>(.##'##
#.######.............≈≈≈'.(.'....
### ####^.#..@....≈≈≈#÷###)###
##..........≈≈≈≈#.[.#..
####....)...⌠..≈≈≈+.⌠.'..
#...........⌠..≈≈≈+.⌠.'.<
#...#####.....≈≈≈≈#...#.. ....#
#....≈≈≈#'#'#.### ....#
#....≈≈≈(...#.... .###
#....≈≈≈'(..##'##
#....≈≈≈#+#+#≈≈≈≈


You could see a gnoll.

Vanquished Creatures
  3 leopard geckos (D:1)
  3 giant cockroaches (D:1)
  A goblin (D:1)
  A hobgoblin (D:1)
  3 jackals (D:1)
  4 bats (D:1)
  A frilled lizard (D:1)
  A kobold (D:1)
  2 rats (D:1)
19 creatures vanquished.

Notes
Turn   | Place    | Note
-------+----------+-------------------------------------------
     0 | D:1      | PikkenKukken the Draconian Transmuter began the quest for
                  | the Orb.
     0 | D:1      | Reached XP level 1. HP: 16/16 MP: 3/3
   164 | D:1      | Reached XP level 2. HP: 9/24 MP: 5/5
   350 | D:1      | Learned a level 2 spell: Sticks to Snakes
   896 | D:1      | Hit by a javelin of returning thrown by a gnoll

Levels and vault maps discovered:
D:1:      dpeg_arrival_castle, layout_rooms

Skill      XL: |  1  2 |
---------------+-------+-----
Fighting       | 2 |  2.3
Dodging        | |  1.7
Unarmed Combat | |  3.5
Spellcasting   | |  2.0
Transmutations | |  2.0

Action                   || total
-------------------------++-------
Melee: Unarmed           ||    74
       Kick              ||     4
       Tailslap          ||     6
       Punch             ||     2
       Headbutt          ||     1
 Cast: Beastly Appendage ||     9
  Use: Scroll            ||     5
Armor: Skin              ||    55
Dodge: Dodged            ||   105

Table legend:
 A = Non-vault XP
 B = Vault XP
 C = Vault XP percentage of total XP
 D = Non-vault monster count
 E = Vault monster count
 F = Vault count percentage of total count
                 A         B        C        D         E       F
            +---------+---------+-------+---------+---------+-------
      Total |      35 |       0 |   0.0 |      19 |       0 |   0.0
            +---------+---------+-------+---------+---------+-------
        D:1 |      35 |       0 |   0.0 |      19 |       0 |   0.0
            +---------+---------+-------+---------+---------+-------
